 Dungeon Crawl Stone Soup version 0.29.0-15-g675c0067aa (webtiles) character file.

Game seed: 5510570904226305141

32 qw the Sneak (level 3, 0/23 HPs)
             Began as a Gargoyle Delver on Sept 11, 2022.
             Slain by a black bear (3 damage)
             ... on level 5 of the Dungeon.
             The game lasted 00:00:04 (58 turns).

qw the Sneak (Gargoyle Delver)                        Turns: 58, Time: 00:00:05

Health: 0/23       AC:  6    Str: 17    XL:     3   Next: 25%
Magic:  3/3        EV: 11    Int: 10    God:
Gold:   4          SH:  0    Dex: 11    Spells: 2/2 levels left

rFire   . . .      SeeInvis .   a - +0 hand axe
rCold   . . .      Faith    .   (no shield)
rNeg    + . .      Spirit   .   b - +0 leather armour
rPois   inf        Reflect  .   (no helmet)
rElec   +          Harm     .   (no cloak)
rCorr   .          Rampage  .   (no gloves)
Will    .....                   (no boots)
Stlth   +++.......              (no amulet)
HPRegen 0.07/turn               (no ring)
MPRegen 0.08/turn               (no ring)

@: no status effects
A: sickness immunity, AC +3, negative energy resistance 1, electricity
resistance, torment resistance 1, petrification resistance
a: no special abilities


You were on level 5 of the Dungeon.
You visited 1 branch of the dungeon, and saw 1 of its levels.

You collected 4 gold pieces.


Innate Abilities, Weirdness & Mutations

You are immune to sickness and miasma.
Your stone body is resilient. (AC +3)
You are immune to poison.
You resist negative energy. (rN+)
You are resistant to electric shocks. (rElec)
You are resistant to unholy torment.
You are immune to petrification.


   Skills:
 - Level 3.2 Fighting
 + Level 3.2 Axes
 - Level 1.5 Dodging
 - Level 5.4 Stealth


You had 2 spell levels left.
You didn't know any spells.
Your spell library was empty.

Inventory:

Hand Weapons
 a - a +0 hand axe (weapon)
Armour
 b - a +0 leather armour (worn)
Wands
 g - a wand of digging (3)
Scrolls
 c - a scroll of fog
 d - a scroll of magic mapping
 e - a scroll of fear
Potions
 f - a potion of haste

Dungeon Overview and Level Annotations

Branches:
Dungeon (5/15)
 Temple: D:4-7

Altars:


Message History

You completely miss the orc.
The orc is moderately wounded.
The orc closely misses you.
You hit the orc.
The orc is almost dead.
You hit the orc.
You kill the orc!
You closely miss the orc. The orc closely misses you.
You slash the orc!
You kill the orc!
An orc comes into view. It is wielding a +0 hand axe.
47 ||| Stepping ~*~*~tactically~*~*~ (stealth).
A black bear comes into view.
You see here a +0 mace.
48 ||| Stepping ~*~*~tactically~*~*~ (stealth).
You barely miss the black bear.
The black bear bites you but does no damage.
The black bear barely misses you. x2
You barely miss the black bear.
The black bear bites you but does no damage.
The black bear claws you but does no damage.
The black bear claws you.
You hit the black bear.
The black bear is lightly wounded.
The black bear barely misses you.
The black bear claws you but does no damage.
The black bear barely misses you.
You barely miss the black bear.
The black bear is lightly wounded.
The black bear bites you. The black bear completely misses you.
The black bear closely misses you.
You closely miss the black bear.
The black bear is lightly wounded.
The black bear bites you. The black bear barely misses you.
The black bear claws you but does no damage.
You hit the black bear.
The black bear is moderately wounded.
The black bear bites you.
You die...

#..###...
#.#...#.#
#.##.##.##.#
#....>.....#
####.##.##.#
#.##.##.####..#
#.............#
####..#)####.##...
###.).)@h...(.#
#.######.#.#. #.#
#.# #.# #.# #.#
#.#


You could see a black bear.

Vanquished Creatures
  A hound (D:5)
  2 orcs (D:5)
3 creatures vanquished.

Notes
Turn   | Place    | Note
-------+----------+-------------------------------------------
     0 | D:5      | qw the Gargoyle Delver began the quest for the Orb.
     0 | D:5      | Reached XP level 1. HP: 14/14 MP: 1/1
     0 | D:5      | 0 ||| qw: Version: 0.1-a-118-gb4e7ce6
     0 | D:5      | 0 ||| qw: Game counter: 10286
     0 | D:5      | 0 ||| qw: Always use a shield: true
     0 | D:5      | 0 ||| qw: God list: Okawaru
     0 | D:5      | 0 ||| qw: Allow faded altars: false
     0 | D:5      | 0 ||| qw: Do Orc after D:15 true
     0 | D:5      | 0 ||| qw: Do second Lair branch before Depths: true
     0 | D:5      | 0 ||| qw: Lair rune preference: random
     0 | D:5      | 0 ||| qw: Plans: Normal
     0 | D:5      | 0 ||| PLANNING D:1-11
    15 | D:5      | Noticed a hound
    28 | D:5      | Killed a hound
    29 | D:5      | Reached skill level 3 in Axes
    29 | D:5      | Reached XP level 2. HP: 9/19 MP: 2/2
    29 | D:5      | Reached XP level 3. HP: 11/23 MP: 3/3
    47 | D:5      | 47 ||| Stepping ~*~*~tactically~*~*~ (stealth).
    47 | D:5      | Noticed a black bear
    48 | D:5      | 48 ||| Stepping ~*~*~tactically~*~*~ (stealth).
    57 | D:5      | HP: 3/23 [black bear (3)]
    58 | D:5      | Slain by a black bear

Levels and vault maps discovered:
D:5:      layout_loops_ring, uniq_pikel

Skill      XL: |  1 |
---------------+----+-----
Axes           | 3 |  3.2
Fighting       | |  3.2
Dodging        | |  1.5
Stealth        | |  5.4

Action                   || total
-------------------------++-------
Melee: Hand axe          ||    24
Throw: Javelin           ||     2
Armor: Leather armour    ||    12
Dodge: Dodged            ||    17

Table legend:
 A = Non-vault XP
 B = Vault XP
 C = Vault XP percentage of total XP
 D = Non-vault monster count
 E = Vault monster count
 F = Vault count percentage of total count
                 A         B        C        D         E       F
            +---------+---------+-------+---------+---------+-------
      Total |      46 |       0 |   0.0 |       3 |       0 |   0.0
            +---------+---------+-------+---------+---------+-------
        D:5 |      46 |       0 |   0.0 |       3 |       0 |   0.0
            +---------+---------+-------+---------+---------+-------
